 Dungeon Crawl Stone Soup version 0.28-a0-1241-gf280a0fbb2 (webtiles) character file.

Game seed: 13858841140448988428

59 folkstorn the Skirmisher (level 3, 0/34 HPs)
             Began as a Minotaur Berserker on Dec 26, 2021.
             Was a Follower of Trog.
             Succumbed to an adder's poison
             ... on level 3 of the Dungeon.
             The game lasted 00:20:09 (3080 turns).

folkstorn the Skirmisher (Minotaur Berserker)       Turns: 3080, Time: 00:20:10

Health: 0/34       AC:  2    Str: 23    XL:     3   Next: 78%
Magic:  2/2        EV: 12    Int:  4    God:    Trog [*.....]
Gold:   68         SH:  0    Dex:  9    Spells: 2/2 levels left

rFire   . . .      SeeInvis .   a - +0 hand axe
rCold   . . .      Faith    .   (no shield)
rNeg    . . .      Spirit   .   b - +0 animal skin
rPois   .          Reflect  .   (helmet restricted)
rElec   .          Harm     .   (no cloak)
rCorr   .          Rampage  .   (no gloves)
Will    .....                   (no boots)
Stlth   +.........              (no amulet)
HPRegen 0.11/turn               (no ring)
MPRegen 0.08/turn               (no ring)

@: lethally poisoned (0 -> -16)
A: horns 2, retaliatory headbutt
a: Renounce Religion, Berserk


You were on level 3 of the Dungeon.
You worshipped Trog.
Trog was aware of your devotion.
You visited 1 branch of the dungeon, and saw 3 of its levels.

You collected 68 gold pieces.

Inventory:

Hand Weapons
 a - a +0 hand axe (weapon)
Missiles
 d - 27 poisoned darts (quivered)
 f - 35 stones
Armour
 b - a +0 animal skin (worn)
Jewellery
 j - a ring of fire
Scrolls
 e - a scroll of blinking {unknown}
 g - a scroll of identify {unknown}
 h - a scroll of teleportation {unknown}
 i - a scroll of magic mapping {unknown}
 m - a scroll of fear {unknown}
Potions
 c - 5 potions of might {unknown}
 k - 2 potions of curing {unknown}
 l - a potion of haste {unknown}


   Skills:
 + Level 4.5 Fighting
 + Level 4.2 Axes
 + Level 2.7 Armour
 + Level 2.9 Dodging
 + Level 0.4 Stealth


You had 2 spell levels left.
You didn't know any spells.
Your spell library was empty.

Dungeon Overview and Level Annotations

Branches:
Dungeon (3/15)

Altars:
The Shining One

Shops:
D:1 *


Innate Abilities, Weirdness & Mutations

You have a pair of horns on your head.
You reflexively headbutt those who attack you in melee.


Message History

An adder comes into view.
An adder is nearby!
The adder hisses angrily.
You slash the adder! Your headbutt misses the adder.
The adder is almost dead.
The adder bites you.
You are poisoned.
The adder poisons you! The adder barely misses you.
You hit the adder.
You kill the adder!
Trog accepts your kill.
You feel sick.
No target in view!
You feel sick.
You see here an adder corpse.
You feel sick.
You feel sick.
You are no longer poisoned.
An adder comes into view.
The adder hisses angrily.
You hit the adder. Your headbutt misses the adder.
The adder is moderately wounded.
The adder bites you.
You closely miss the adder.
The adder is moderately wounded.
The adder bites you.
You barely miss the adder. Your headbutt misses the adder.
The adder is moderately wounded.
The adder bites you.
You are poisoned.
The adder poisons you! The adder bites you.
You are lethally poisoned!
The adder poisons you!
* * * LOW HITPOINT WARNING * * *
You feel very sick. The adder bites you.
* * * LOW HITPOINT WARNING * * *
You are more poisoned.
The adder poisons you!
You die...

##.....#.....## #
#########...## ######<
###..### #......
##...###.>...#
###........# ###
#####....# #..
########.......#
#####..###>..†....##....#
.......S#@.#########....#
..........## ##..##
........### #....
......... #.#...
........#. #.#..#
........##. #.#..#
........# .# ......... #
........#


There were no monsters in sight!

Vanquished Creatures
  An adder (D:3)
  A worm (D:2)
  2 dart slugs
  4 bats
  7 endoplasms
  A giant cockroach (D:1)
  3 goblins
  3 hobgoblins
  2 jackals (D:2)
  4 kobolds
  2 quokkas (D:1)
  6 ball pythons
  A frilled lizard (D:1)
  4 rats
41 creatures vanquished.

Vanquished Creatures (others)
  2 plants (D:1)
2 creatures vanquished.

Grand Total: 43 creatures vanquished

Notes
Turn   | Place    | Note
-------+----------+-------------------------------------------
     0 | D:1      | folkstorn the Minotaur Berserker began the quest for the
                  | Orb.
     0 | D:1      | Reached XP level 1. HP: 19/19 MP: 0/0
    49 | D:1      | Found Yrutezo's Assorted Antiques.
   341 | D:1      | Reached XP level 2. HP: 16/27 MP: 1/1
  2002 | D:2      | Reached XP level 3. HP: 30/34 MP: 2/2
  2661 | D:2      | Found a glowing golden altar of the Shining One.
  3080 | D:3      | Succumbed to an adder's poison

Illustrated notes

Levels and vault maps discovered:
D:1:      ncdulo_watergridlock, layout_basic, serial_shops,
          nicolae_shop_overgrown_old_shop
D:2:      layout_basic, basic_altar, serial_forest,
          infiniplex_forest_lined_4_way, infiniplex_forest_side_room,
          infiniplex_forest_lined_3, infiniplex_forest_straight_2,
          infiniplex_forest_straight_2, minivault_25, minmay_misc_feat_roman
D:3:      layout_rooms

Skill      XL: |  1  2 |
---------------+-------+-----
Fighting       | 4 |  4.5
Axes           | 4 |  4.2
Armour         | |  2.7
Dodging        | |  2.9
Stealth        | |  0.4

Action                   || total
-------------------------++-------
Melee: Hand axe          ||    95
       Headbutt          ||    11
Throw: Dart              ||     2
Armor: Animal skin       ||    19
Dodge: Dodged            ||    63

Table legend: (Time is in decaauts)
 A = Elapsed time spent in this place.
 B = Non-inter-level travel time spent in this place.
 C = Inter-level travel time spent in this place.
 D = Time resting spent in this place.
 E = Time spent auto-exploring this place.
 F = Levels seen in this place.
 G = Mean time per level.
                   A        B        C        D        E       F      G
               +--------+--------+--------+--------+--------+-----+--------+
         Total |   3096 |   2870 |    226 |    599 |   1347 |   3 | 1032.0 |
       Dungeon |   3096 |   2870 |    226 |    599 |   1347 |   3 | 1032.0 |
               +--------+--------+--------+--------+--------+-----+--------+

Top non-repeatable levels by time:
     D:1: 1981 daAuts
     D:2: 927 daAuts
     D:3: 187 daAuts
